 Dungeon Crawl Stone Soup version 0.31.0-12-g77e489cdc1 (webtiles) character file.

Game seed: 7581934874744954729

25076 octoduck the Summoner (level 12, -8/65 HPs)
             Began as a Felid Summoner on Feb 18, 2024.
             Was an Elder of Kikubaaqudgha.
             Mangled by a cane toad (22 damage)
             ... on level 2 of the Lair of Beasts.
             The game lasted 01:20:33 (21112 turns).

octoduck the Summoner (Felid Summoner)             Turns: 21112, Time: 01:20:35

Health: -8/65      AC:  3    Str:  4    XL:     12   Next: 86%
Magic:  1/26       EV: 24    Int: 22    God:    Kikubaaqudgha [****..]
Gold:   743        SH:  5    Dex: 19    Spells: 5/30 levels left
                                        Lives:  0   Deaths: 2

rFire   . . .        (weapon unavailable)
rCold   + + .        (shield unavailable)
rNeg    . . .        (body armour unavailable)
rPois   +            (helmet unavailable)
rElec   +            (cloak unavailable)
rCorr   .            (gloves unavailable)
SInv    +            (boots unavailable)
Will    +....        J - amulet of reflection
Stlth   +++++        r - ring of wizardry
HPRegen 0.30/turn    c - ring "Oxky" {rElec rPois rC+}
MPRegen 0.20/turn

%: reflection, wizardry (x1)
@: no status effects
A: very small, claws 1, fangs 3, see invisible, shaggy fur 3, stealthy paws, no
weapons or thrown items, no armour, multi-lived
a: Renounce Religion, Unearth Wretches


You were on level 2 of the Lair of Beasts.
You worshipped Kikubaaqudgha.
Kikubaaqudgha was greatly pleased with you.
You visited 3 branches of the dungeon, and saw 14 of its levels.
You also visited: Sewer.

You collected 743 gold pieces.

Inventory:

Jewellery
 c - the ring "Oxky" (right paw) {rElec rPois rC+}
   (You found it on level 1 of the Lair of Beasts)

   [ring of poison resistance]

   rC+:       It protects you from cold.
   rElec:     It insulates you from electricity.
   rPois:     It protects you from poison
 r - a ring of wizardry (left paw)
 t - a ring of protection from cold
 v - a ring of flight
 E - a +4 ring of protection
 G - a +6 ring of dexterity
 J - an amulet of reflection (around neck)
 M - a +6 ring of intelligence
Wands
 i - a wand of flame (33)
 B - a wand of mindburst (7)
 C - a wand of polymorph (13)
 D - a wand of roots (32)
 I - a wand of paralysis (5)
 K - a wand of digging (4)
Scrolls
 e - 2 scrolls of noise
 g - a scroll of revelation {unknown}
 l - 2 scrolls of vulnerability
 m - 2 scrolls of fear {unknown}
 n - a scroll of poison {unknown}
 p - a scroll of amnesia
 q - 2 scrolls of fog
 y - a scroll of immolation {unknown}
 A - a scroll of torment {unknown}
 F - a scroll of blinking {unknown}
 L - a scroll of enchant armour {unknown}
Potions
 a - 2 potions of magic
 b - 4 potions of curing
 d - 8 potions of heal wounds
 f - 2 potions of enlightenment
 h - a potion of ambrosia
 j - 5 potions of brilliance
 k - 2 potions of cancellation
 o - 2 potions of resistance
 s - 2 potions of attraction {unknown}
 u - 2 potions of might
 w - 2 potions of lignification {unknown}
 x - a potion of invisibility {unknown}
 z - a potion of experience {unknown}
 H - a potion of degeneration {unknown}


   Skills:
 + Level 8.6 Fighting
 - Level 10.0 Dodging
 - Level 10.0 Stealth
 + Level 9.6 Spellcasting
 - Level 11.0 Summonings
 + Level 7.0 Translocations
 - Level 5.0 Fire Magic
 - Level 5.0 Air Magic
 - Level 5.0 Evocations


You had 5 spell levels left.
You knew the following spells:

 Your Spells              Type           Power      Damage    Failure   Level
a - Summon Small Mammal   Summ           100%       N/A       1%          1
b - Call Imp              Summ           100%       N/A       1%          2
c - Call Canine Familiar  Summ           56%        N/A       1%          3
d - Summon Blazeheart Go  Fire/Summ      45%        N/A       1%          4
e - Summon Lightning Spi  Summ/Air       45%        N/A       1%          4
f - Summon Cactus Giant   Summ           28%        N/A       4%          6
g - Summon Forest         Summ/Tloc      25%        N/A       1%          5

Your spell library contained the following spells:

 Spells                   Type           Power      Damage    Failure   Level
 Static Discharge         Conj/Air       42%        3-5/arc   1%          2
 Kiss of Death            Conj/Necr      40%        2d8       2%          1
 Necrotise                Necr           40%        1d6       2%          1
 Martyr's Knell           Necr/Summ      34%        N/A       2%          4
 Vhi's Electric Charge    Tloc/Air       74%        N/A       2%          4
 Ensorcelled Hibernation  Hex/Ice        20%        N/A       4%          2
 Sublimation of Blood     Necr           10%        N/A       4%          2
 Fugue of the Fallen      Necr           10%        N/A       8%          3
 Summon Mana Viper        Hex/Summ       34%        N/A       8%          5
 Anguish                  Hex/Necr       5%         N/A       26%         4
 Dispel Undead            Necr           10%        3d9       26%         4
 Arcjolt                  Conj/Air       10%        1d20      26%         5
 Borgnjor's Vile Clutch   Necr/Erth      5%         N/A       54%         5
 Curse of Agony           Necr           10%        N/A       54%         5
 Summon Hydra             Summ           28%        N/A       24%         7
 Conjure Ball Lightning   Conj/Air       10%        3x3d6     77%         6
 Lehudib's Crystal Spear  Conj/Erth      5%         10d3      100%        8
 Maxwell's Capacitive Co  Air            16%        ∞         100%        8


Dungeon Overview and Level Annotations

Branches:
Dungeon (10/15)            Temple (1/1) D:7            Lair (3/5) D:10
  Swamp (0/4) Lair:2          Orc (0/2) D:9           Sewer (visited)
  Snake: Lair:2-3    Spider: Lair:2-3

Altars:
Ashenzari
Cheibriados
Dithmenos
Elyvilon
Fedhas
Gozag
Hepliaklqana
Kikubaaqudgha
Makhleb
Nemelex Xobeh
Okawaru
Qazlal
Ru
Sif Muna
Trog
Uskayaw
Vehumet
Wu Jian
Xom
Yredelemnul
Zin
The Shining One

Shops:
D:2 (   D:8 [   D:10 *

Annotations:
D:3 2 transporters, TheBioAlchemist's ghost, amateur DrIE
D:10 3 runed translucent doors, exclusions: door and upstairs, turdburglar's ghost, journeyman DrSh


Innate Abilities, Weirdness & Mutations

You have sharp claws.
You have razor-sharp teeth.
You have supernaturally acute eyesight. (SInv)
Your thick and shaggy fur keeps you warm. (AC +3, rC+)
Your paws help you pounce on unaware monsters.
You are incapable of wielding weapons or throwing items.
You cannot wear armour.
You gain extra lives every three experience levels.


Message History

You are no longer poisoned.
The wolf attacks as it pursues you! You block the wolf's attack.
The wolf closely misses you. The wolf attacks as it pursues you!
The wolf misses you.
Your familiar recovers from its injuries.
The wolf attacks as it pursues you! You block the wolf's attack.
The wolf closely misses you. The wolf attacks as it pursues you!
You block the wolf's attack. The wolf closely misses you.
The wolf completely misses you. The wolf bites you.
The wolf attacks as it pursues you! The wolf bites you!
* * * LOW HITPOINT WARNING * * *
The wolf completely misses you. The wolf attacks as it pursues you!
The wolf misses you. The wolf bites you.
* * * LOW HITPOINT WARNING * * *
The wolf attacks as it pursues you! The wolf closely misses you.
The wolf attacks as it pursues you! The wolf misses you. The wolf bites you.
* * * LOW HITPOINT WARNING * * *
Casting: Summon Cactus Giant (dangerous; 4% risk of failure)
Confirm with . or Enter, or press ? or * to list all spells.
The wolf completely misses you.
Your cactus giant hits the wolf with a +0 giant spiked club!!
The wolf is struck by your cactus giant's spines.
The wolf dies!
Kikubaaqudgha accepts your kill. The wolf attacks as it pursues you!
The wolf bites you.
* * * LOW HITPOINT WARNING * * *
The wolf barely misses you. The wolf attacks as it pursues you!
The wolf barely misses you.
Unknown command.
You swap places.
The wolf closely misses you. The cane toad misses you.
The wolf closely misses you.
Your cactus giant hits the wolf with a +0 giant spiked club!!
The wolf is struck by your cactus giant's spines.
The wolf dies!
Kikubaaqudgha accepts your kill.
Kikubaaqudgha is now protecting you from unholy torment.
The cane toad stings you!!
You die...
Kikubaaqudgha rasps: "You have failed me!
Welcome... death!"

.P.......#.8.##..##.##
........#.....#...<#.#####
.P....#..8.>.8#....#.#.#.#
....#..##.....#.........##
....#..###...##.........##
#....F..###.###..###.##..#
#....h###.....#.#.....##.#
.#.#.#.#.......#.###.....#
................@†.....+.##
...8.....#.8....FC.8...#..#
.........#...............##
.#.###...#...#.#.##.#....#
#.....###......##.....####
#######.###+#.#.####..#
..#.....##...###.######
........#.....#...#
......###8.<.8#..##


You could see a cane toad and a friendly cactus giant (summoned).

Vanquished Creatures
  The ghost of Fractals the Fighter, a journeyman MiBe of Trog (Lair:1)
  A boulder beetle (D:8)
  2 two-headed ogres
  A skyshark (Lair:3)
  Joseph (Lair:1)
  2 komodo dragons
  2 hornets
  2 blink frogs (Lair:1)
  A vampire (D:9)
  22 yaks
  An acid dragon (D:9)
  An ice beast (D:8)
  2 kobold brigands
  A bullfrog (D:9)
  A wight (D:5)
  6 killer bees
  A howler monkey (D:6)
  An iguana (D:5)
  2 gnolls (D:9)
  A rat (D:6)
52 creatures vanquished.

Vanquished Creatures (collateral kills)
  Gastronok (D:8)
  The ghost of toastdancer the Thaumaturge, a journeyman GnHW of the Shining One (Lair:1)
  The ghost of bronco the Toxicologist, a journeyman OpEE of Gozag (Lair:1)
  Sonja (Lair:2)
  A bog body (Lair:2)
  Maurice (D:7)
  7 cane toads
  Maggie (Lair:2)
  A kobold demonologist (D:10)
  A komodo dragon (Lair:2)
  A nameless horror (Lair:1)
  A burning bush (Lair:1)
  A troll (D:10)
  2 blink frogs (Lair:1)
  2 wyverns
  20 yaks
  A shadow (D:10)
  An acid dragon (D:9)
  9 water moccasins
  An orc warrior (D:10)
  3 ice beasts
  14 wolves
  2 centaurs
  2 phantoms (D:5)
  5 kobold brigands
  12 bullfrogs
  A gnoll sergeant (D:9)
  4 scorpions
  4 wights
  6 killer bees
  3 jellies
  5 howler monkeys
  A bombardier beetle (D:6)
  2 hounds
  4 orc priests
  Crazy Yiuf (D:5)
  3 gnoll boudas
  4 iguanas
  A sleepcap (D:7)
  4 orc wizards
  22 gnolls
  9 adders
  2 shadow imps (D:7)
  2 white imps
  3 dart slugs
  A ribbon worm (D:5)
  32 orcs
  5 endoplasms
  7 giant cockroaches
  6 goblins
  8 hobgoblins
  4 quokkas (D:1)
  10 ball pythons
  8 bats
  5 frilled lizards
  18 kobolds
  5 rats
283 creatures vanquished.

Vanquished Creatures (others)
  41 blazeheart cores
41 creatures vanquished.

Grand Total: 376 creatures vanquished

Notes
Turn   | Place    | Note
-------+----------+-------------------------------------------
     0 | D:1      | octoduck the Felid Summoner began the quest for the Orb.
     0 | D:1      | Reached XP level 1. HP: 9/9 MP: 4/4
   283 | D:1      | Reached XP level 2. HP: 13/13 MP: 3/6
   455 | D:1      | Learned a level 2 spell: Call Imp
   853 | D:1      | Reached XP level 3. HP: 16/16 MP: 2/8
  1029 | D:1      | Learned a level 3 spell: Call Canine Familiar
  1652 | D:2      | Reached XP level 4. HP: 21/21 MP: 3/9
  1652 | D:2      | Gained a life (2 lives remaining)
  1678 | D:2      | Reached skill level 5 in Summonings
  1949 | D:2      | You fall into a shaft and drop 1 floor!
  2039 | D:3      | Noticed a scorpion
  2220 | D:2      | Found Ustyaj's Weapon Shop.
  2619 | D:3      | Found a faded altar of an unknown god.
  2843 | D:3      | Found a transporter.
  3052 | D:3      | Noticed TheBioAlchemist's ghost (amateur DrIE)
  3724 | D:3      | Found a transporter.
  3993 | D:4      | Reached XP level 5. HP: 8/24 MP: 2/11
  4071 | D:4      | Learned a level 4 spell: Summon Blazeheart Golem
  4448 | D:4      | Gained mutation: You are covered in thick fur. (AC +2)
                  | [Felid growth]
  4448 | D:4      | Reached XP level 6. HP: 28/28 MP: 7/13
  4830 | D:4      | Reached skill level 6 in Summonings
  5711 | D:4      | Learned a level 4 spell: Summon Lightning Spire
  5712 | D:5      | Entered Level 5 of the Dungeon
  5830 | D:5      | Identified the +1 robe of Heejelif {*Corrode *Slow rC+ rN++
                  | Archmagi}
  6074 | D:5      | Reached skill level 5 in Spellcasting
  6079 | D:5      | Reached skill level 1 in Fire Magic
  6248 | D:5      | Reached XP level 7. HP: 32/32 MP: 12/15
  7524 | D:5      | Found a radiant altar of Vehumet.
  7527 | D:5      | Found a stormy altar of Qazlal.
  7528 | D:5      | Found an ornate altar of the Wu Jian Council.
  7539 | D:5      | Found a sparkling altar of Nemelex Xobeh.
  7542 | D:5      | Found a white marble altar of Elyvilon.
  7626 | D:5      | Found a runed translucent door.
  7627 | D:5      | Noticed Crazy Yiuf
  7710 | D:5      | Reached skill level 1 in Air Magic
  7852 | D:5      | Reached skill level 7 in Summonings
  7890 | D:5      | Reached XP level 8. HP: 36/36 MP: 13/17
  8046 | D:5      | Killed Crazy Yiuf
  8319 | D:6      | Reached skill level 1 in Fighting
  8650 | D:6      | Found a glowing drain.
  8655 | Sewer    | Entered a sewer
  9067 | Sewer    | Reached XP level 9. HP: 42/42 MP: 9/19
  9477 | Sewer    | Reached skill level 5 in Fire Magic
  9873 | D:6      | Found a shimmering blue altar of Sif Muna.
 10786 | D:7      | Found a staircase to the Ecumenical Temple.
 10792 | Temple   | Entered the Ecumenical Temple
 10807 | Temple   | Became a worshipper of Kikubaaqudgha
 11090 | D:8      | Noticed Maurice
 11099 | D:8      | Maurice stole a ring of flight
 11102 | D:7      | Maurice stole 319 gold
 11153 | D:7      | Killed Maurice
 11154 | D:7      | Reached skill level 5 in Dodging
 11154 | D:7      | Reached skill level 5 in Stealth
 11154 | D:7      | Reached skill level 1 in Evocations
 11252 | D:8      | Noticed a two-headed ogre
 11260 | D:8      | Killed a two-headed ogre
 11261 | D:8      | Reached skill level 8 in Summonings
 11460 | D:8      | Found a shimmering altar of Xom.
 11532 | D:8      | Noticed a boulder beetle
 11543 | D:8      | Noticed Gastronok
 11548 | D:8      | Killed a boulder beetle
 11549 | D:8      | Reached XP level 10. HP: 49/49 MP: 9/21
 11562 | D:8      | Killed Gastronok
 11984 | D:8      | Reached * piety under Kikubaaqudgha
 11984 | D:8      | Received a gift from Kikubaaqudgha
 12101 | D:8      | Found Ononell's Antique Armour Emporium.
 12409 | D:9      | Found a staircase to the Orcish Mines.
 12754 | D:9      | Reached skill level 5 in Fighting
 12762 | D:9      | Found a flagged portal.
 13049 | D:9      | Found a sacrificial altar of Ru.
 13457 | D:9      | Reached XP level 11. HP: 47/56 MP: 10/23
 13543 | D:9      | Reached skill level 5 in Air Magic
 13709 | D:9      | Noticed a two-headed ogre
 13720 | D:9      | Killed a two-headed ogre
 13837 | D:9      | Reached skill level 9 in Summonings
 14358 | D:6      | Identified the +1 flail "Lalisiq" {flame, rElec rF+ Str+5
                  | Int-2}
 14580 | D:10     | Entered Level 10 of the Dungeon
 14909 | D:10     | Reached ** piety under Kikubaaqudgha
 15179 | D:10     | Reached skill level 5 in Evocations
 15486 | D:10     | Found a staircase to the Lair.
 15707 | D:10     | Found a runed translucent gate.
 15709 | D:10     | Found a runed translucent gate.
 15709 | D:10     | Found an opulent altar of Gozag.
 15709 | D:10     | Found a runed translucent gate.
 15711 | D:10     | Found Tirapakanu's Assorted Antiques.
 15711 | D:10     | Noticed a frost giant
 15713 | D:10     | Noticed a centaur warrior
 15715 | D:10     | Noticed a cyan ugly thing
 15716 | D:10     | Noticed turdburglar's ghost (journeyman DrSh)
 15719 | D:10     | Noticed a deep elf pyromancer
 16001 | Lair:1   | Entered Level 1 of the Lair of Beasts
 17285 | Lair:1   | Found a runed translucent gate.
 17285 | Lair:1   | Found a runed translucent gate.
 17285 | Lair:1   | Found a runed translucent gate.
 17289 | Lair:1   | Noticed toastdancer's ghost (journeyman GnHW)
 17289 | Lair:1   | Noticed Fractals's ghost (journeyman MiBe)
 17290 | Lair:1   | Noticed bronco's ghost (journeyman OpEE)
 17382 | Lair:1   | Noticed Joseph
 17395 | Lair:1   | Killed Joseph
 17396 | Lair:1   | Reached skill level 10 in Stealth
 17717 | Lair:1   | Got the Quarto of Gritty Conduction
 17766 | Lair:1   | Learned a level 6 spell: Summon Cactus Giant
 17778 | Lair:1   | Reached *** piety under Kikubaaqudgha
 17778 | Lair:1   | Received a gift from Kikubaaqudgha
 17779 | Lair:1   | Gained mutation: Your thick and shaggy fur keeps you warm.
                  | (AC +3, rC+) [Felid growth]
 17779 | Lair:1   | Reached XP level 12. HP: 63/63 MP: 18/25
 17981 | Lair:1   | Reached skill level 1 in Translocations
 18018 | Lair:1   | Reached skill level 10 in Summonings
 18486 | Lair:1   | Learned a level 5 spell: Summon Forest
 18554 | Lair:1   | Killed bronco's ghost
 18572 | Lair:1   | Killed toastdancer's ghost
 18573 | Lair:1   | Reached skill level 10 in Dodging
 18842 | Lair:1   | Mangled by Fractals's ghost
 18842 | Lair:1   | Lost a life (1 life remaining)
 19057 | Lair:1   | Mangled by Fractals's ghost
 19057 | Lair:1   | Lost a life (0 lives remaining)
 19368 | Lair:1   | Killed Fractals's ghost
 19480 | Lair:1   | Identified the ring "Oxky" {rElec rPois rC+}
 19581 | Lair:2   | Noticed Maggie
 20026 | Lair:2   | Noticed Sonja
 20040 | Lair:2   | Reached skill level 5 in Translocations
 20043 | Lair:2   | Killed Sonja
 20222 | Lair:2   | Found a staircase to the Swamp.
 20753 | Lair:2   | Killed Maggie
 21078 | Lair:3   | Reached skill level 11 in Summonings
 21112 | Lair:2   | Reached **** piety under Kikubaaqudgha
 21112 | Lair:2   | Mangled by a cane toad

Illustrated notes

Levels and vault maps discovered:
D:1:      giann_wishing_wells, layout_rooms, serial_glass, glass_columns_b,
          glass_columns_a, glass_columns_b, glass_columns_c,
          minmay_worlds_worst_comb
D:2:      layout_basic, serial_shops, nicolae_shop_bloodbath_and_beyond
D:3:      kennysheep_big_flooded_room, layout_loops_ring, gammafunk_ghost_arena,
          hellmonk_ecumenical_altar_heavens_door
D:4:      layout_basic, corexii_leaking_fountain
D:5:      nicolae_cairo_tiling, layout_basic, minmay_overflow_temple_star_hex,
          uniq_crazy_yiuf_cottage
D:6:      layout_gridville, mainiacjoe_overflow_surrounded_room,
          mainiacjoe_sewer_entry_somewhere_in_here_1,
          chequers_serial_rivers_small_b, minmay_liquid_box
D:7:      layout_rooms, minmay_temple_entry_hall, serial_rivers,
          chequers_serial_rivers_small_3, chequers_serial_rivers_micro_c,
          chequers_serial_rivers_micro_e, chequers_serial_rivers_micro_b,
          chequers_serial_rivers_small_3, chequers_serial_rivers_small_a
D:8:      layout_layer_cave, nicolae_overflow_crystal_walls, serial_shops,
          nicolae_shop_overgrown_old_shop, dk_noncrumbling_4,
          nicolae_grassy_gnolls, uniq_gastronok, uniq_maurice
D:9:      layout_layer_cave, lemuel_crystal_altar, orc_0_dummy, enter_bailey_2,
          minmay_quadrilaterals
D:10:     layout_irregular_city, erik_lair_orcish_takeover, ebering_ghost_gozag,
          serial_column_ruins, column_ruins_corridor_plus,
          column_ruins_open_medium, column_ruins_grid_1
Temple:   eino_narrow_crystal_temple
Lair:1:   layout_cellular_growth, gammafunk_ghost_cemetery, evilmike_ambush
          [evilmike_ambush_outer_pillars, evilmike_ambush_inner_pond],
          grunt_megastairs_2, uniq_joseph
Lair:2:   layout_misc_corridors, skrybe_swamp_entry_bodies, grunt_megastairs_1,
          uniq_sonja, uniq_maggie
Lair:3:   layout_gridlike, alex1729_snake_entry_snake,
          infiniplex_staircase_pool_2, serial_bayou_shore_a

Skill      XL: |  1  2  3  4  5  6  7  8  9 10 11 12 |
---------------+-------------------------------------+-----
Spellcasting   | 3 4 5 6 7 8 9 |  9.6
Summonings     | 5 6 7 8 9 11 | 11.0
Fire Magic     | 1 3 4 5 |  5.0
Air Magic      | 1 2 3 4 5 |  5.0
Dodging        | 4 6 7 9 10 | 10.0
Stealth        | 4 6 7 10 | 10.0
Fighting       | 2 3 5 7 8 |  8.6
Evocations     | 2 4 5 |  5.0
Translocations | 7 |  7.0

Action                     |  1- 3 |  4- 6 |  7- 9 | 10-12 || total
---------------------------+-------+-------+-------+-------++-------
  Melee: Unarmed           |     1 |       |     1 |     5 ||     7
         Bite              |       |       |       |     1 ||     1
   Cast: Summon Small Mamm |    28 |    23 |     4 |     2 ||    57
         Call Imp          |    14 |    26 |    13 |     7 ||    60
         Call Canine Famil |     2 |    21 |    30 |    28 ||    81
         Summon Blazeheart |       |     1 |    26 |    54 ||    81
         Summon Lightning  |       |       |    18 |    56 ||    74
         Summon Cactus Gia |       |       |       |    15 ||    15
         Summon Forest     |       |       |       |     8 ||     8
  Evoke: Wand              |       |       |     5 |     3 ||     8
    Use: Scroll            |     2 |     3 |     5 |    10 ||    20
         Potion            |       |       |       |     2 ||     2
 Armour: Skin              |    11 |    13 |    21 |    64 ||   109
  Dodge: Dodged            |    31 |    22 |    51 |   155 ||   259
  Block: Other             |       |       |       |     9 ||     9
